Map: Romanticide LE

Players

Astrea

  • Race: Protoss Protoss
  • Spawn Location: 5:00

HeRoMaRinE - Winner!

  • Race: Terran Terran
  • Spawn Location: 11:00

Event: IEM Katowice 2021

VOD

Have the link to the VOD?

Description

Time

  • Played on: Feb. 24, 2021, 9:34 a.m.
  • Length: 17:08

All games in this series

Show
View Real Time Build Order
Export as new Build Order

Astrea Protoss 

Build Orders: 1 Gate Expand, Phoenix Opening, Zealot Archon, Colossus Rush 

Get SALT Encoding   

  12  0:00  Probe  
  13  0:12  Probe  
  14  0:17  Pylon  
  14  0:24  Probe (Chrono Boost)  
  15  0:36  Gateway, Probe (Chrono Boost)  
  16  0:43  Probe (Chrono Boost)  
  16  0:45  Assimilator  
  17  0:51  Probe  
  18  1:03  Probe  
  19  1:15  Probe  
  20  1:20  Nexus  
  20  1:29  Cybernetics Core  
  20  1:33  Probe  
  21  1:41  Assimilator  
  21  1:45  Probe  
  22  1:49  Pylon  
  22  1:57  Probe  
  23  2:04  Adept (Chrono Boost)  
  23  2:05  Probe  
  25  2:13  Probe  
  25  2:14  Stargate  
  27  2:23  Warp Gate  
  27  2:24  Probe (Chrono Boost)  
  27  2:27  Adept  
  30  2:34  Probe (Chrono Boost)  
  32  2:42  Probe (Chrono Boost)  
  33  2:44  Probe (Chrono Boost)  
  33  2:49  Probe x2 (Chrono Boost)  
  35  2:57  Phoenix  
  37  3:00  Probe x2  
  37  3:04  Robotics Facility  
  39  3:12  Pylon, Probe (Chrono Boost)  
  41  3:15  Probe (Chrono Boost)  
  41  3:24  Probe (Chrono Boost), Phoenix  
  45  3:28  Assimilator, Probe (Chrono Boost)  
  45  3:29  Probe (Chrono Boost)  
  46  3:36  Assimilator, Probe  
  46  3:38  Probe  
  46  3:39  Pylon  
  48  3:48  Probe  
  48  3:49  Phoenix (Chrono Boost)  
  48  3:50  Probe  
  52  3:57  Observer  
  52  4:00  Probe  
  54  4:03  Probe  
  55  4:10  Phoenix (Chrono Boost)  
  55  4:12  Pylon  
  55  4:13  Probe  
  55  4:15  Probe  
  59  4:18  Nexus  
  59  4:20  Gateway  
  59  4:25  Probe  
  59  4:27  Probe  
  59  4:28  Observer  
  62  4:38  Probe  
  63  4:40  Robotics Bay  
  63  4:43  Phoenix  
  63  4:45  Probe  
  66  4:50  Pylon, Probe  
  67  4:57  Probe  
  68  5:02  Probe  
  68  5:05  Forge, Twilight Council  
  69  5:09  Probe  
  69  5:10  Sentry  
  72  5:14  Probe  
  72  5:16  Immortal (Chrono Boost), Shield Battery  
  72  5:19  Pylon  
  77  5:21  Probe  
  78  5:29  Probe  
  78  5:32  Probe  
  78  5:33  Probe  
  81  5:39  Pylon  
  81  5:42  Probe  
  82  5:43  Colossus (Chrono Boost), Protoss Ground Weapons Level 1 (Chrono Boost)  
  82  5:45  Probe x2  
  82  5:47  Observer  
  82  5:48  Charge  
  90  5:51  Assimilator  
  90  5:52  Pylon, Assimilator  
  90  5:54  Probe  
  92  5:57  Probe x2  
  93  6:06  Probe  
  93  6:09  Probe  
  93  6:10  Probe  
  95  6:17  Sentry  
  97  6:19  Colossus (Chrono Boost)  
  97  6:22  Gateway  
  97  6:23  Gateway  
  97  6:25  Gateway  
  103  6:26  Extended Thermal Lance, Gateway  
  103  6:35  Pylon  
  103  6:36  Pylon  
  103  6:38  Gateway  
  103  6:39  Gateway  
  103  6:45  Templar Archives  
  103  6:47  Zealot x2  
  103  6:48  Pylon  
  103  6:50  Photon Cannon  
  107  7:04  Colossus (Chrono Boost)  
  113  7:09  Zealot  
  113  7:10  Zealot  
  113  7:12  Pylon  
  116  7:20  Probe x2  
  116  7:21  Probe  
  114  7:38  Observer  
  114  7:41  Forge  
  114  7:43  Protoss Ground Weapons Level 2 (Chrono Boost)  
  114  7:45  Zealot, High Templar x4  
  114  7:46  Zealot x3  
  114  7:50  Archon x2  
  114  7:51  Pylon  
  130  7:54  Warp Prism (Chrono Boost)  
  130  7:55  Probe  
  133  7:59  Observer  
  133  8:06  Blink  
  131  8:15  Observer  
  131  8:28  Zealot x8, Protoss Ground Armor Level 1 (Chrono Boost)  
  131  8:30  Pylon  
  131  8:31  Pylon  
  147  8:41  Pylon  
  147  8:44  Nexus  
  147  8:47  Gravitic Drive (Chrono Boost)  
  147  8:53  Robotics Facility, Photon Cannon  
  147  8:59  Disruptor (Chrono Boost)  
  149  9:08  Zealot x4  
  157  9:16  Pylon, Probe  
  157  9:17  Probe x2  
  159  9:19  Stalker  
  159  9:22  Pylon  
  161  9:27  Disruptor  
  161  9:31  Probe  
  161  9:41  Zealot x7  
  161  9:42  Zealot  
  168  9:50  Disruptor  
  159  9:56  Protoss Ground Weapons Level 3 (Chrono Boost)  
  159  10:03  Disruptor  
  154  10:08  Nexus  
  144  10:18  Pylon  
  144  10:19  Stalker x6, High Templar x2  
  154  10:22  Probe x3  
  154  10:24  Dark Shrine  
  154  10:25  Archon  
  154  10:27  Protoss Ground Armor Level 2 (Chrono Boost)  
  157  10:30  Disruptor  
  157  10:32  Shield Battery, Photon Cannon  
  158  10:39  Disruptor  
  161  10:43  Pylon, Probe x2  
  161  10:47  Zealot  
  165  10:52  Shield Battery, Photon Cannon  
  165  10:56  Pylon, Probe  
  165  10:57  Probe  
  167  10:59  Zealot x3  
  173  11:07  Pylon  
  173  11:08  Probe  
  173  11:09  Pylon, Probe  
  171  11:13  Pylon, Observer  
  171  11:14  Psionic Storm  
  171  11:15  Observer  
  169  11:21  Assimilator  
  169  11:24  Assimilator  
  169  11:25  Pylon  
  169  11:28  High Templar x2  
  169  11:29  High Templar  
  169  11:30  High Templar  
  169  11:31  High Templar  
  176  11:51  Zealot x2  
  176  11:52  Zealot  
  182  11:54  Shadow Stride  
  182  11:56  Pylon  
  182  11:57  Pylon  
  182  11:58  Disruptor x2  
  188  12:08  Dark Templar x3  
  190  12:09  Zealot x2  
  182  12:29  Zealot x3  
  175  12:33  Disruptor  
  176  12:41  Stalker x5  
  176  12:42  Protoss Ground Armor Level 3 (Chrono Boost)  
  176  12:43  Photon Cannon  
  186  12:49  Warp Prism  
  188  12:55  Gateway x2  
  188  12:58  Pylon  
  188  13:01  Photon Cannon x2  
  188  13:02  Pylon  
  188  13:10  Stalker x6  
  191  13:58  Nexus  
  191  14:00  Nexus  
  189  14:03  Stalker x5  
  189  14:06  Archon  
  137  14:22  Dark Templar  
  137  14:23  Dark Templar x4  
  145  14:26  Disruptor  
  136  14:38  Zealot x5  
  136  14:43  Pylon  
  130  14:49  Disruptor  
  132  14:59  High Templar  
  134  15:00  High Templar  
  134  15:02  High Templar  
  134  15:05  Shield Battery, Photon Cannon  
  134  15:06  Stalker x7  
  149  15:14  Photon Cannon  
  149  15:20  Assimilator  
  149  15:22  Assimilator  
  149  15:27  Nexus  
  141  15:43  Zealot x10  
  130  16:10  Stalker x3  
  130  16:13  Stalker x7  
  107  16:39  Zealot x9  
  119  16:40  Zealot  
Show
View Real Time Build Order
Export as new Build Order

HeRoMaRinE Terran - Winner!

Build Orders: Reaper Expand 

Get SALT Encoding   

  12  0:00  SCV  
  13  0:12  SCV  
  14  0:17  Supply Depot  
  14  0:24  SCV  
  15  0:39  SCV  
  15  0:40  Barracks  
  16  0:43  Refinery  
  16  0:51  SCV  
  17  1:03  SCV  
  18  1:15  SCV  
  19  1:27  Reaper, Orbital Command  
  20  1:39  Command Center  
  20  1:49  Supply Depot  
  20  1:53  SCV  
  21  1:59  Marine  
  22  2:05  SCV  
  23  2:17  SCV  
  23  2:19  Barracks Reactor  
  24  2:23  Command Center  
  24  2:29  SCV  
  25  2:34  Barracks  
  25  2:41  SCV  
  26  2:51  Orbital Command  
  26  2:53  SCV  
  26  2:56  Engineering Bay  
  26  2:57  Marine  
  28  2:59  Marine  
  29  3:05  SCV  
  30  3:12  Bunker  
  30  3:15  Marine  
  30  3:16  Marine  
  30  3:18  SCV x2  
  34  3:22  Barracks Tech Lab  
  34  3:23  Terran Infantry Weapons Level 1  
  34  3:30  SCV x2  
  34  3:32  Marine  
  37  3:34  Marine  
  37  3:35  Orbital Command  
  38  3:42  Stimpack, Refinery  
  38  3:44  SCV  
  38  3:48  SCV  
  40  3:50  Marine x2  
  40  3:52  Marine  
  40  3:55  Missile Turret  
  43  3:56  SCV  
  43  4:00  SCV  
  43  4:01  SCV  
  46  4:08  SCV  
  46  4:09  Marine x2  
  49  4:10  Marine  
  49  4:12  SCV  
  49  4:13  SCV  
  49  4:14  Factory  
  49  4:16  Refinery  
  52  4:20  SCV  
  52  4:22  Supply Depot  
  53  4:24  SCV  
  53  4:26  SCV, Marine  
  53  4:27  Marine  
  53  4:29  Missile Turret  
  57  4:32  SCV  
  57  4:36  SCV, Barracks  
  58  4:38  SCV  
  58  4:42  Marine  
  58  4:44  SCV, Marine  
  64  4:46  Marauder  
  64  4:47  Supply Depot  
  64  4:48  SCV, Orbital Command  
  65  4:56  SCV  
  65  4:58  Starport, Factory Reactor  
  66  5:00  SCV, Marine  
  66  5:02  Marine  
  69  5:09  SCV, Marauder  
  69  5:13  SCV, Refinery  
  73  5:19  Barracks  
  73  5:20  SCV, Supply Depot x2  
  73  5:21  SCV, Barracks  
  75  5:25  SCV  
  75  5:27  Barracks Tech Lab  
  76  5:29  Marine  
  76  5:35  Missile Turret  
  77  5:41  SCV x3, Marine  
  77  5:42  Marauder  
  83  5:43  Supply Depot, Terran Infantry Armor Level 1  
  83  5:45  Factory Reactor  
  83  5:46  Supply Depot  
  83  5:47  Medivac x2  
  87  5:54  SCV x3, Supply Depot  
  87  5:55  Combat Shield  
  87  5:56  Concussive Shells  
  90  6:00  Marauder  
  90  6:03  Marauder  
  91  6:06  SCV x3  
  93  6:11  Missile Turret  
  93  6:17  Barracks Reactor, Barracks Tech Lab  
  93  6:18  SCV x3  
  96  6:22  Marauder  
  96  6:23  Widow Mine x2  
  96  6:25  Marauder  
  104  6:27  Supply Depot x2  
  104  6:30  SCV x3  
  104  6:32  Medivac  
  109  6:37  Medivac  
  109  6:38  Marauder, Marine  
  109  6:39  Marine  
  115  6:42  SCV x2  
  115  6:46  Refinery x2  
  117  6:48  SCV  
  117  6:49  Marauder  
  117  6:50  Supply Depot  
  117  6:51  Marauder  
  122  6:54  SCV x2  
  122  6:56  Widow Mine x2  
  122  6:59  Marauder, Marine x2  
  122  7:00  SCV  
  133  7:09  Supply Depot  
  133  7:10  Supply Depot  
  133  7:11  SCV, Marine x2  
  133  7:12  Marauder  
  133  7:13  Marauder  
  140  7:18  Marine x2  
  140  7:20  Marauder  
  140  7:29  SCV  
  141  7:31  Medivac x2, SCV, Marine x2  
  141  7:33  Marauder  
  141  7:34  Marauder  
  141  7:36  Marine  
  148  7:41  Starport  
  148  7:42  Marauder  
  148  7:44  Engineering Bay, Armory  
  147  7:45  Marine  
  147  7:48  Marine  
  147  7:49  Marine  
  147  7:50  Command Center  
  148  7:53  Marine  
  148  7:55  Marauder  
  151  8:01  Viking x2  
  151  8:03  Marauder x2  
  159  8:07  Supply Depot  
  159  8:09  Supply Depot  
  159  8:12  Marine x4  
  163  8:13  Ghost Academy  
  163  8:16  Marauder  
  163  8:29  Bunker  
  163  8:31  Viking x2  
  163  8:33  Marine x3, Terran Ship Weapons Level 1  
  163  8:34  Marine x2  
  171  8:35  Marine  
  171  8:37  Marine  
  172  8:44  Viking x2  
  172  8:48  Supply Depot x2  
  176  8:49  Enhanced Shockwaves  
  176  8:51  Marine x4  
  176  8:52  Marine  
  181  8:59  Marauder  
  181  9:00  Marauder  
  181  9:01  Viking  
  187  9:05  Viking  
  189  9:13  Viking  
  189  9:14  SCV  
  189  9:15  Barracks x2  
  192  9:17  SCV x2  
  192  9:18  Barracks  
  194  9:28  Marine x3  
  197  9:34  Refinery  
  197  9:35  SCV x2  
  197  9:38  Refinery  
  191  9:42  SCV x2  
  191  9:43  Marine  
  191  9:44  Marine x2  
  184  9:47  SCV  
  184  9:48  SCV  
  173  9:53  Marauder  
  173  9:54  SCV  
  173  9:55  Marine x2  
  173  9:56  Marine  
  173  9:59  SCV  
  181  10:01  Marine  
  181  10:02  Marauder, Ghost  
  181  10:04  Viking x2  
  187  10:09  SCV, Engineering Bay  
  187  10:10  SCV  
  187  10:11  SCV, Engineering Bay  
  187  10:13  Ghost  
  181  10:18  SCV  
  181  10:20  Medivac  
  181  10:21  SCV  
  180  10:22  SCV  
  183  10:28  Marauder  
  183  10:30  SCV x2  
  183  10:31  Marauder  
  183  10:33  SCV  
  183  10:34  Barracks Reactor, Barracks Tech Lab x2  
  188  10:37  SCV  
  188  10:42  Ghost  
  189  10:46  Terran Infantry Weapons Level 2  
  189  10:47  Terran Infantry Armor Level 2  
  189  10:49  Ghost, Planetary Fortress  
  193  10:51  SCV x2  
  193  10:53  SCV  
  196  11:00  Sensor Tower  
  196  11:03  SCV x2, Missile Turret  
  198  11:05  SCV  
  198  11:06  Missile Turret  
  198  11:10  Medivac  
  199  11:12  Ghost  
  199  11:14  Terran Ship Weapons Level 2  
  200  11:20  Bunker  
  200  11:21  Missile Turret  
  200  11:31  Fusion Core  
  193  11:48  Liberator x2  
  196  11:55  Liberator x2  
  200  12:02  Command Center  
  200  12:06  Starport  
  200  12:11  Missile Turret  
  200  12:21  Ghost x2  
  200  12:22  Marauder x2  
  187  12:31  Marauder, Liberator x2  
  187  12:33  Marine x2  
  187  12:34  Advanced Ballistics  
  187  12:35  Marine x3  
  196  12:38  Liberator, Marine  
  200  12:47  Starport Reactor  
  200  12:48  Missile Turret  
  200  12:51  Command Center  
  200  12:58  Marauder  
  199  13:06  Missile Turret  
  199  13:09  Command Center  
  199  13:21  Command Center  
  197  13:29  Liberator x3  
  200  13:40  Planetary Fortress  
  200  13:52  Missile Turret  
  200  13:53  Rapid Reignition System  
  200  13:55  Terran Infantry Weapons Level 3, Terran Infantry Armor Level 3, Terran Ship Weapons Level 3  
  200  14:01  Ghost  
  200  14:02  Marine, Ghost  
  199  14:06  Marine, Liberator  
  199  14:08  Marauder, Marine  
  189  14:10  Marauder  
  189  14:11  Marauder  
  169  14:19  Liberator  
  169  14:21  SCV x2  
  169  14:22  SCV  
  173  14:27  Orbital Command  
  173  14:30  Marauder  
  173  14:31  Marauder  
  153  14:38  SCV x2  
  153  14:39  Liberator x2  
  153  14:41  Marauder, Marine x2  
  159  14:48  Orbital Command  
  159  14:49  Marine  
  159  14:50  Marine  
  159  14:52  Marauder  
  155  14:53  Marine  
  155  14:55  Marauder  
  155  14:58  Liberator  
  158  15:02  Liberator  
  158  15:04  Medivac  
  158  15:06  Ghost  
  165  15:12  SCV x2, Missile Turret  
  165  15:13  SCV x2  
  168  15:16  SCV  
  168  15:17  SCV  
  168  15:19  Liberator  
  173  15:23  Liberator  
  173  15:27  Marauder x2  
  180  15:34  Marauder  
  180  15:35  Liberator  
  179  15:36  Liberator  
  179  15:40  Liberator  
  185  15:46  Marauder  
  185  15:48  Liberator  
  181  15:50  Unknown, Marine  
  181  15:55  Marauder x2  
  181  15:56  Marine  
  183  16:00  Marauder  
  183  16:02  Liberator  
  183  16:09  Liberator  
  182  16:11  Marine x2  
  182  16:14  Marauder  
  182  16:16  Marauder  
  182  16:18  Liberator  
  191  16:19  Marauder x2, Marine  
  191  16:20  Marine  
  191  16:23  Marauder, Marine  
  193  16:30  Marine  
  193  16:31  Marine  
  193  16:35  Marauder  

Tags
 
Add a new tag
Caveats
  • Supply blocks, unpowered buildings, or Contaminate may cause inaccurate times.
  • Supply counts are checked every 10 seconds.